 Dungeon Crawl Stone Soup version 0.28-a0-108-g844de0d849 (webtiles) character file.

Game seed: 12323379052840545240

860 fjnnd the Digger (level 8, -2/41 HPs)
             Began as a Gargoyle Earth Elementalist on Aug 12, 2021.
             Slain by Pikel (3 damage)
             ... on level 5 of the Dungeon.
             The game lasted 00:11:08 (4975 turns).

fjnnd the Digger (Gargoyle Earth Elementalist)      Turns: 4975, Time: 00:11:09

Health: -2/41      AC:  9    Str: 12    XL:     8   Next: 2%
Magic:  1/33       EV: 11    Int: 18    God:
Gold:   22         SH:  0    Dex: 10    Spells: 13/17 levels left

rFire   . . .      SeeInvis .   h - +2 dagger (venom)
rCold   . . .      Faith    .   (no shield)
rNeg    + . .      Spirit   .   b - +1 robe
rPois   ∞          Reflect  .   (no helmet)
rElec   +          Harm     .   (no cloak)
rCorr   .          Rampage  .   (no gloves)
Will    .....                   m - +0 pair of boots
Stlth   ++........              (no amulet)
HPRegen 0.13/turn               d - ring of magical power
MPRegen 0.23/turn               i - ring of magical power

@: no status effects
A: sickness immunity, AC +5, negative energy resistance 1, electricity
resistance, torment resistance 1, petrification resistance
a: no special abilities


You were on level 5 of the Dungeon.
You visited 1 branch of the dungeon, and saw 5 of its levels.

You collected 166 gold pieces.
You spent 144 gold pieces at shops.

Inventory:

Hand Weapons
 h - a +2 dagger of venom (weapon)
 q - a +2 flail of protection
Missiles
 c - 147 stones
Armour
 b - a +1 robe (worn)
 m - a +0 pair of boots (worn)
Jewellery
 d - a ring of magical power (left hand)
 i - a ring of magical power (right hand)
Scrolls
 f - a scroll of teleportation
 l - a scroll of enchant armour
Potions
 a - a potion of ambrosia
 e - 2 potions of resistance
 g - a potion of curing
 j - a potion of lignification {unknown}
 k - a potion of berserk rage {unknown}
 n - a potion of heal wounds {unknown}
 o - 3 potions of haste
 p - a potion of magic {unknown}
 r - a potion of cancellation {unknown}


   Skills:
 - Level 1.5 Dodging
 - Level 2.1 Stealth
 + Level 5.1 Spellcasting
 + Level 4.9 Conjurations
 - Level 0.7 Transmutations
 + Level 7.2 Earth Magic


You had 13 spell levels left.
You knew the following spells:

 Your Spells              Type           Power      Damage    Failure   Level
a - Sandblast             Erth           60%        2d14      1%          1
b - Stone Arrow           Conj/Erth      52%        3d10      3%          3

Your spell library contained the following spells:

 Spells                   Type           Power      Damage    Failure   Level
 Passwall                 Tmut/Erth      15%        N/A       3%          2
 Shock                    Conj/Air       52%        1d6       4%          1
 Wereblood                Tmut           7%         N/A       14%         2
 Petrify                  Tmut/Erth      18%        N/A       26%         4
 Swiftness                Air            4%         N/A       36%         3
 Airstrike                Air            2%         N/A       78%         4
 Summon Hydra             Summ           2%         N/A       100%        7
 Sublimation of Blood     Necr           Unusable   N/A       N/A         2

Dungeon Overview and Level Annotations

Branches:
Dungeon (5/15)
 Temple: D:4-7

Altars:
Ashenzari
Trog
Yredelemnul

Shops:
D:1 *

Annotations:
D:4 1 runed translucent door
D:5 Pikel


Innate Abilities, Weirdness & Mutations

You are immune to sickness and miasma.
Your stone body is resilient. (AC +5)
You are immune to poison.
You resist negative energy. (rN+)
You are resistant to electric shocks. (rElec)
You are resistant to unholy torment.
You are immune to petrification.


Message History

The stone arrow hits the lemure!!
You kill the lemure!
That felt strangely unrewarding.
The lemure misses you.
Pikel hits you with a +2 whip of flaming.
Pikel burns you.
Unknown command.
Casting: Stone Arrow (dangerous; 3% risk of failure)
Confirm with . or Enter, or press ? or * to list all spells.
Aiming: Sandblast (safe; 1% risk of failure)
Press: ? - help, Shift-Dir - straight line, f - Pikel
Aim: Pikel, wielding a +2 whip of flaming and wearing a +0 robe (moderately wounded, 77% to hit)
The blast of sand hits Pikel!
Pikel is severely wounded.
The lemure hits you but does no damage.
Pikel hits you with a +2 whip of flaming.
Pikel burns you.
Unknown command.
You closely miss Pikel.
Pikel is severely wounded.
The lemure closely misses you.
Pikel hits you with a +2 whip of flaming!
Pikel burns you.
You barely miss Pikel.
Pikel is severely wounded.
The lemure hits you.
Pikel hits you with a +2 whip of flaming.
Pikel burns you.
Your magical contamination has completely faded away.
Unknown command.
You hit Pikel but do no damage.
Pikel is poisoned.
Pikel is severely wounded.
The lemure hits you but does no damage. Pikel barely misses you.
You hit Pikel.
Pikel looks as sick as possible!
Pikel is severely wounded.
The lemure hits you but does no damage. The lemure hits you.
* * * LOW HITPOINT WARNING * * *
Pikel hits you with a +2 whip of flaming!
* * * LOW HITPOINT WARNING * * *
Pikel burns you.
You die...

########
##......## #
##.......<##.#
#..........#.#
#............#
#.........5..#...
#........@K......
#.........5..#...
##..†........#...
#........##.# ..
#..............
#............###
#............#
#............#
#............


You could see Pikel (extremely poisoned) and 2 lemures.

Vanquished Creatures
  A sky beast (D:5)
  A necrophage (D:4)
  2 lemures
  A centaur zombie (D:5)
  A jelly (D:4)
  3 orc priests
  2 hounds (D:5)
  A human zombie (D:4)
  Terence (D:3)
  2 iguanas
  6 orc wizards
  A hound zombie (D:5)
  4 gnolls (D:3)
  5 adders
  2 worms
  2 dart slugs
  13 orcs
  3 ball pythons
  3 bats
  12 endoplasms
  4 giant cockroaches
  3 goblins
  8 hobgoblins
  14 jackals
  10 kobolds
  4 quokkas
  5 frilled lizards
  A goblin skeleton (D:4)
  4 rats
119 creatures vanquished.

Vanquished Creatures (others)
  5 toadstools (D:1)
5 creatures vanquished.

Grand Total: 124 creatures vanquished

Notes
Turn   | Place    | Note
-------+----------+-------------------------------------------
     0 | D:1      | fjnnd the Gargoyle Earth Elementalist began the quest for
                  | the Orb.
     0 | D:1      | Reached XP level 1. HP: 10/10 MP: 3/3
   210 | D:1      | Found Omaq's Assorted Antiques.
   359 | D:1      | Reached skill level 4 in Earth Magic
   359 | D:1      | Reached XP level 2. HP: 15/15 MP: 5/5
  1169 | D:2      | Reached XP level 3. HP: 19/19 MP: 6/6
  1175 | D:2      | Learned a level 3 spell: Stone Arrow
  1478 | D:2      | Reached skill level 1 in Conjurations
  1664 | D:2      | Reached XP level 4. HP: 22/24 MP: 8/8
  2174 | D:2      | Reached skill level 5 in Earth Magic
  2174 | D:2      | Reached XP level 5. HP: 19/28 MP: 9/9
  2345 | D:2      | Found a faded altar of an unknown god.
  2762 | D:3      | Noticed Terence
  2782 | D:3      | Killed Terence
  2793 | D:3      | Reached XP level 6. HP: 9/32 MP: 11/11
  3151 | D:3      | Found a bloodstained altar of Trog.
  3151 | D:3      | Found a broken altar of Ashenzari.
  3514 | D:4      | Noticed a necrophage
  3523 | D:4      | Killed a necrophage
  3524 | D:4      | Reached skill level 6 in Earth Magic
  3617 | D:1      | Bought a lumpy blue potion for 22 gold pieces
  3617 | D:1      | Bought a scroll labelled NOSTRE XOENUPU for 25 gold pieces
  3617 | D:1      | Bought a murky grey potion for 22 gold pieces
  3697 | D:4      | Reached XP level 7. HP: 27/36 MP: 7/13
  4432 | D:4      | Found a runed translucent door.
  4432 | D:4      | Noticed a human
  4512 | D:4      | Found a basalt altar of Yredelemnul.
  4718 | D:1      | Bought a scroll labelled ROUGRO HILIMN for 25 gold pieces
  4718 | D:1      | Bought a scroll of identify for 50 gold pieces
  4789 | D:5      | Entered Level 5 of the Dungeon
  4804 | D:5      | Noticed Pikel
  4873 | D:5      | Reached skill level 7 in Earth Magic
  4936 | D:5      | Reached skill level 5 in Spellcasting
  4936 | D:5      | Reached XP level 8. HP: 40/41 MP: 15/15
  4975 | D:5      | HP: 1/41 [Pikel (9)]
  4975 | D:5      | Slain by Pikel

Illustrated notes

Levels and vault maps discovered:
D:1:      ldierk_walled_garden, layout_loops_ring, serial_shops, shop,
          minmay_stone_trees_large
D:2:      layout_basic, shapermc_ecumenical_altar_venn
D:3:      layout_rooms, mainiacjoe_overflow_divided_tiny, st_stairs_14,
          uniq_terence
D:4:      layout_rooms, dk_yredelemnul_ordeal
D:5:      layout_rooms, uniq_pikel, uniq_blork_the_orc

Skill      XL: |  1  2  3  4  5  6  7 |
---------------+----------------------+-----
Earth Magic    | 4 5 6 7 |  7.2
Conjurations   | 1 2 3 4 |  4.9
Spellcasting   | 3 4 5 |  5.1
Dodging        | |  1.5
Stealth        | |  2.1
Transmutations | |  0.7

Action                   |  1- 3 |  4- 6 |  7- 9 || total
-------------------------+-------+-------+-------++-------
Melee: Unarmed           |     5 |       |       ||     5
       Short sword       |    26 |       |       ||    26
       Dagger            |    71 |    98 |    91 ||   260
 Cast: Sandblast         |    19 |    23 |    13 ||    55
       Stone Arrow       |       |     9 |    28 ||    37
Evoke: Wand              |       |     2 |       ||     2
  Use: Scroll            |       |     6 |     5 ||    11
 Stab: Sleeping          |     2 |     3 |       ||     5
Armor: Robe              |    42 |    52 |    49 ||   143
Dodge: Dodged            |    75 |    61 |    64 ||   200

Table legend: (Time is in decaauts)
 A = Elapsed time spent in this place.
 B = Non-inter-level travel time spent in this place.
 C = Inter-level travel time spent in this place.
 D = Time resting spent in this place.
 E = Time spent auto-exploring this place.
 F = Levels seen in this place.
 G = Mean time per level.
                   A        B        C        D        E       F      G
               +--------+--------+--------+--------+--------+-----+--------+
         Total |   4983 |   4619 |    364 |    293 |   3431 |   5 |  996.6 |
       Dungeon |   4983 |   4619 |    364 |    293 |   3431 |   5 |  996.6 |
               +--------+--------+--------+--------+--------+-----+--------+

Top non-repeatable levels by time:
     D:2: 1547 daAuts
     D:1: 1265 daAuts
     D:4: 1079 daAuts
     D:3: 944 daAuts
     D:5: 146 daAuts
